[Event "EYCC Open-U12 2019"]
[Site "Bratislava"]
[Date "2019.08.06"]
[Round "5.12"]
[White "Habans Aguerrea, Javier"]
[Black "Pidluznij, Gleb"]
[Result "1/2-1/2"]
[ECO "A20"]
[WhiteElo "2083"]
[BlackElo "1947"]
[Annotator "NA"]
[PlyCount "106"]
[EventDate "2019.08.02"]
[EventType "swiss"]
[EventCountry "SVK"]
[SourceTitle "playchess.com"]
[Source "ChessBase"]
[SourceQuality "1"]
[TimeControl "40/5400+30:1800+30"]

1. c4 e5 2. g3 Nf6 3. Bg2 d5 4. cxd5 Nxd5 5. Nf3 Nc6 6. O-O Nb6 7. b3 g6 8. Nc3 Bg7 9. Ba3 Bf8 10. Bxf8 Kxf8 11. Qc2 Kg7 12. Qb2 Qe7 13. Rfd1 Rd8 14. Rac1 Rb8 15. Ne4 f6 16. d4 exd4 17. Nxd4 Qe5 18. f4 Qe7 19. Nxc6 Rxd1+ 20. Rxd1 bxc6 21. Qc3 Nd5 22. Qc5 Qxc5+ 23. Nxc5 Ne7 24. e4 Rb5 25. Rc1 a5 26. Kf2 Kf7 27. Bf1 Rb6 28. Bc4+ Ke8 29. Rd1 Bg4 30. Rd4 Nc8 31. e5 fxe5 32. fxe5 h5 33. Ke3 Ne7 34. Kf4 Nf5 35. Rd2 Rb8 36. Kg5 Ne3 37. Be2 Bxe2 38. Rxe2 Nd5 39. Kxg6 h4 40. Rf2 hxg3 41. hxg3 Rb4 42. Kf5 Ke7 43. Rf3 Rb8 44. Ne6 Kf7 45. Nd4 Ne7+ 46. Ke4+ Kg8 47. Rf6 Rb4 48. a3 Rb8 49. Re6 c5 50. Nf3 Kf8 51. Nd2 Rd8 52. Nc4 Rd4+ 53. Ke3 Nd5+ 1/2-1/2

[Event "EYCC Open-U12 2019"]
[Site "Bratislava"]
[Date "2019.08.06"]
[Round "5.13"]
[White "Foerster-Yialamas, Lucas"]
[Black "Milanovic, Marko"]
[Result "0-1"]
[ECO "C91"]
[WhiteElo "2028"]
[BlackElo "1814"]
[Annotator "NA"]
[PlyCount "114"]
[EventDate "2019.08.02"]
[EventType "swiss"]
[EventCountry "SVK"]
[SourceTitle "playchess.com"]
[Source "ChessBase"]
[SourceQuality "1"]
[TimeControl "40/5400+30:1800+30"]

1. e4 e5 2. Nf3 Nc6 3. Bb5 a6 4. Ba4 Nf6 5. O-O Be7 6. Re1 b5 7. Bb3 d6 8. c3 O-O 9. d4 Bg4 10. Be3 Na5 11. Bc2 Nc4 12. Bc1 c5 13. b3 Nb6 14. Nbd2 Qc7 15. Bb2 Rfd8 16. h3 Be6 17. d5 Bd7 18. Nf1 a5 19. Ne3 a4 20. Qe2 Nh5 21. c4 Nf4 22. Qf1 b4 23. Nf5 Bf8 24. g3 Ng6 25. Kh2 axb3 26. axb3 Rxa1 27. Rxa1 Ra8 28. Rxa8 Nxa8 29. Qc1 Qa5 30. Bb1 Qd8 31. Kg2 Nc7 32. Qc2 Ne8 33. Bc1 Qa5 34. h4 Ne7 35. Nh2 Nxf5 36. exf5 g6 37. fxg6 hxg6 38. g4 f5 39. f3 Qd8 40. Bg5 Be7 41. Bxe7 Qxe7 42. Kh3 Nf6 43. Qd2 fxg4+ 44. Nxg4 e4 45. Kg3 Nh5+ 46. Kh3 Qe5 47. Qh2 exf3 48. Qg1 Nf4+ 49. Kh2 Bxg4 50. Qxg4 f2 51. Bxg6 f1=Q 52. Bf7+ Kxf7 53. Qd7+ Kg6 54. Qg4+ Kf6 55. Qg5+ Qxg5 56. hxg5+ Kxg5 57. Kg3 Qg2# 0-1

[Event "EYCC Open-U12 2019"]
[Site "Bratislava"]
[Date "2019.08.06"]
[Round "5.14"]
[White "Kuhn, Clement"]
[Black "Pavesi, Brando"]
[Result "1-0"]
[ECO "B13"]
[WhiteElo "1979"]
[BlackElo "2109"]
[Annotator "NA"]
[PlyCount "61"]
[EventDate "2019.08.02"]
[EventType "swiss"]
[EventCountry "SVK"]
[SourceTitle "playchess.com"]
[Source "ChessBase"]
[SourceQuality "1"]
[TimeControl "40/5400+30:1800+30"]

1. e4 c6 2. d4 d5 3. exd5 cxd5 4. Bf4 Nc6 5. c3 Nf6 6. Nd2 Bf5 7. Ngf3 e6 8. Qb3 Qc8 9. Nh4 Bg4 10. h3 Bh5 11. g4 Bg6 12. Nxg6 hxg6 13. Be2 Be7 14. Bg3 a6 15. Kf1 b5 16. Kg2 Na5 17. Qc2 Qb7 18. Rae1 Rc8 19. Bd3 g5 20. Nf3 Nd7 21. Qc1 Bf6 22. b4 Nc6 23. Qd2 Ne7 24. Nxg5 Qc6 25. Rc1 e5 26. Rhe1 e4 27. Nxe4 dxe4 28. Bxe4 Qb6 29. g5 Qe6 30. h4 Bxg5 31. Qxg5 1-0

[Event "EYCC Open-U12 2019"]
[Site "Bratislava"]
[Date "2019.08.06"]
[Round "5.15"]
[White "Saveljev, Ivan"]
[Black "Labruyere, Roger"]
[Result "1/2-1/2"]
[ECO "B52"]
[WhiteElo "2040"]
[BlackElo "1897"]
[Annotator "NA"]
[PlyCount "105"]
[EventDate "2019.08.02"]
[EventType "swiss"]
[EventCountry "SVK"]
[SourceTitle "playchess.com"]
[Source "ChessBase"]
[SourceQuality "1"]
[TimeControl "40/5400+30:1800+30"]

1. e4 c5 2. Nf3 d6 3. Bb5+ Bd7 4. Bxd7+ Qxd7 5. c4 Nc6 6. Nc3 g6 7. d4 cxd4 8. Nxd4 Bg7 9. Be3 Nf6 10. f3 O-O 11. O-O Rac8 12. b3 a6 13. Rc1 e6 14. Qd2 Rfd8 15. Rfd1 Qe7 16. Nxc6 bxc6 17. Na4 c5 18. Qa5 Nd7 19. Qxa6 Ne5 20. Qa5 Nc6 21. Qd2 Nd4 22. Nc3 Qb7 23. Ne2 d5 24. cxd5 exd5 25. exd5 Rxd5 26. Nxd4 cxd4 27. Rxc8+ Qxc8 28. Rc1 Qe6 29. Bf2 h5 30. Qd3 Qd6 31. a4 Qf4 32. Rc8+ Kh7 33. g3 Qf6 34. Rc4 Qd6 35. b4 h4 36. b5 hxg3 37. hxg3 Rh5 38. Rc6 Qd7 39. g4 Rh6 40. Be3 Rh4 41. Bf2 Rh6 42. Bg3 Qd5 43. Bf4 Rh3 44. Kg2 Rh4 45. Bg3 Rxg4 46. Qc4 Rxg3+ 47. Kxg3 Qg5+ 48. Kf2 Qe3+ 49. Kg2 Qd2+ 50. Kf1 Qd1+ 51. Kf2 d3 52. Qh4+ Bh6 53. Qf6 1/2-1/2

[Event "EYCC Open-U12 2019"]
[Site "Bratislava"]
[Date "2019.08.06"]
[Round "5.16"]
[White "Bakiev, Diyor"]
[Black "Codreanu, Marius"]
[Result "1-0"]
[ECO "B14"]
[WhiteElo "2121"]
[BlackElo "1834"]
[Annotator "NA"]
[PlyCount "61"]
[EventDate "2019.08.02"]
[EventType "swiss"]
[EventCountry "SVK"]
[SourceTitle "playchess.com"]
[Source "ChessBase"]
[SourceQuality "1"]
[TimeControl "40/5400+30:1800+30"]

1. e4 c6 2. d4 d5 3. exd5 cxd5 4. c4 Nf6 5. Nc3 g6 6. Qb3 e6 7. Nf3 Bg7 8. Bg5 O-O 9. cxd5 exd5 10. Bxf6 Bxf6 11. Be2 Nc6 12. Rd1 Be6 13. Qxb7 Qd6 14. Qb3 Rab8 15. Nb5 Qe7 16. Qc3 Rfc8 17. Qd2 Nb4 18. Nc3 Nc6 19. O-O Qb4 20. Ba6 Rc7 21. Qf4 Bd8 22. Rd2 Qa5 23. Bd3 Rcb7 24. Rb1 Qxc3 25. bxc3 Rxb1+ 26. Bf1 Ra1 27. Re2 Rbb1 28. Nd2 Rb6 29. Nb3 a5 30. Nxa1 a4 31. Nc2 1-0

[Event "EYCC Open-U12 2019"]
[Site "Bratislava"]
[Date "2019.08.06"]
[Round "5.17"]
[White "Ciric, Pavle"]
[Black "Rotunno, Flavio"]
[Result "1-0"]
[ECO "B31"]
[WhiteElo "1987"]
[BlackElo "1819"]
[Annotator "NA"]
[PlyCount "111"]
[EventDate "2019.08.02"]
[EventType "swiss"]
[EventCountry "SVK"]
[SourceTitle "playchess.com"]
[Source "ChessBase"]
[SourceQuality "1"]
[TimeControl "40/5400+30:1800+30"]

1. e4 c5 2. Nf3 Nc6 3. Bb5 g6 4. O-O Bg7 5. c3 Nf6 6. Re1 O-O 7. d4 cxd4 8. cxd4 d5 9. e5 Ne8 10. Nc3 Bg4 11. Bxc6 bxc6 12. Be3 Nc7 13. Na4 Ne6 14. Rc1 Qd7 15. h3 Bxf3 16. Qxf3 Rfc8 17. Nc5 Nxc5 18. Rxc5 Bf8 19. Rec1 Rc7 20. a3 a5 21. Bd2 a4 22. Qc3 Ra6 23. Qd3 Rca7 24. Qc2 Rc7 25. Ra5 Rca7 26. Qxa4 Rxa5 27. Bxa5 e6 28. b4 Ra6 29. Qc2 Be7 30. Qd3 Qb7 31. Bc7 Ra8 32. Bd6 Bxd6 33. exd6 Qd7 34. Qg3 Rd8 35. Qc3 Qxd6 36. Qxc6 Qxc6 37. Rxc6 Ra8 38. Rc3 Kf8 39. Kf1 Ke7 40. Ke2 Kd6 41. Kd3 f6 42. f4 g5 43. fxg5 e5 44. gxf6 e4+ 45. Ke3 Rf8 46. b5 Rg8 47. g4 h5 48. Kf4 hxg4 49. hxg4 Rg6 50. g5 Rg8 51. Kf5 Rb8 52. g6 e3 53. Rxe3 Rb7 54. g7 Rf7 55. g8=Q Rg7 56. Re6+ 1-0

[Event "EYCC Open-U12 2019"]
[Site "Bratislava"]
[Date "2019.08.06"]
[Round "5.18"]
[White "Janeczko, Jakub"]
[Black "Meers, Hubert"]
[Result "0-1"]
[ECO "B19"]
[WhiteElo "1663"]
[BlackElo "2141"]
[Annotator "NA"]
[PlyCount "54"]
[EventDate "2019.08.02"]
[EventType "swiss"]
[EventCountry "SVK"]
[SourceTitle "playchess.com"]
[Source "ChessBase"]
[SourceQuality "1"]
[TimeControl "40/5400+30:1800+30"]

1. e4 c6 2. d4 d5 3. Nc3 dxe4 4. Nxe4 Bf5 5. Ng3 Bg6 6. h4 h6 7. Nf3 Nd7 8. h5 Bh7 9. Bd3 Bxd3 10. Qxd3 e6 11. Bf4 Qa5+ 12. c3 Ngf6 13. Ne4 Nxe4 14. Qxe4 Nf6 15. Qe5 Qb6 16. O-O-O Rd8 17. Qe2 Be7 18. Ne5 O-O 19. Ng6 fxg6 20. Qxe6+ Kh8 21. hxg6 Rde8 22. Bxh6 gxh6 23. Rxh6+ Kg7 24. Rdh1 Qxb2+ 25. Kd1 Qb1+ 26. Kd2 Ne4+ 27. Ke2 Rxf2+ 0-1

[Event "EYCC Open-U12 2019"]
[Site "Bratislava"]
[Date "2019.08.06"]
[Round "5.19"]
[White "Han, Yichen"]
[Black "Georgiev, Konstantin"]
[Result "1-0"]
[ECO "B33"]
[WhiteElo "2217"]
[BlackElo "1919"]
[Annotator "NA"]
[PlyCount "85"]
[EventDate "2019.08.02"]
[EventType "swiss"]
[EventCountry "SVK"]
[SourceTitle "playchess.com"]
[Source "ChessBase"]
[SourceQuality "1"]
[TimeControl "40/5400+30:1800+30"]

1. e4 c5 2. Nf3 Nc6 3. d4 cxd4 4. Nxd4 Nf6 5. Nc3 e6 6. Nxc6 bxc6 7. e5 Nd5 8. Ne4 Qc7 9. f4 Qb6 10. c4 Bb4+ 11. Ke2 f5 12. exf6 Nxf6 13. Be3 Qc7 14. Nxf6+ gxf6 15. Kf2 Be7 16. Bd3 Qa5 17. c5 Rb8 18. b3 Ba6 19. Qh5+ Kd8 20. Rhd1 f5 21. Bxa6 Qxa6 22. Qf7 Re8 23. Kf3 Kc7 24. Bd4 Rbd8 25. Be5+ Kc8 26. Rd2 Qb7 27. Rad1 Qb4 28. Rd4 Qc3+ 29. R4d3 Qc2 30. Rxd7 Qe4+ 31. Kf2 Qc2+ 32. Ke1 Qe4+ 33. Kf1 Rxd7 34. Qxe8+ Rd8 35. Rxd8+ Bxd8 36. Qxe6+ Kb7 37. Qd7+ Ka6 38. Qc8+ Kb5 39. Qxd8 Qb1+ 40. Kf2 Qc2+ 41. Kg3 Qe4 42. Qd2 h5 43. h4 1-0

[Event "EYCC Open-U12 2019"]
[Site "Bratislava"]
[Date "2019.08.06"]
[Round "5.20"]
[White "Culum, Sanjin"]
[Black "Celik, Hasan Huseyin"]
[Result "1/2-1/2"]
[ECO "C17"]
[WhiteElo "1912"]
[BlackElo "1903"]
[Annotator "NA"]
[PlyCount "77"]
[EventDate "2019.08.02"]
[EventType "swiss"]
[EventCountry "SVK"]
[SourceTitle "playchess.com"]
[Source "ChessBase"]
[SourceQuality "1"]
[TimeControl "40/5400+30:1800+30"]

1. e4 e6 2. d4 d5 3. Nc3 Bb4 4. e5 c5 5. Bd2 Ne7 6. a3 Bxc3 7. Bxc3 b6 8. Nf3 Ba6 9. Bxa6 Nxa6 10. Qd3 Nb8 11. O-O-O Nd7 12. h4 Qc7 13. Rhe1 Rc8 14. Kb1 Nc6 15. Qe3 h6 16. g4 cxd4 17. Nxd4 Nxd4 18. Qxd4 Qc4 19. Qxc4 Rxc4 20. Rd4 Rxd4 21. Bxd4 h5 22. Rg1 hxg4 23. Rxg4 g6 24. Kc1 Nb8 25. Kd2 Nc6 26. Kd3 Ne7 27. f3 Rh5 28. c3 Kd7 29. Rf4 Nf5 30. Bf2 Kc6 31. a4 Kb7 32. c4 Kc6 33. b4 a6 34. b5+ axb5 35. axb5+ Kc7 36. cxd5 exd5 37. Ra4 Kb7 38. Ra6 d4 39. Ra4 1/2-1/2

[Event "EYCC Open-U12 2019"]
[Site "Bratislava"]
[Date "2019.08.06"]
[Round "5.21"]
[White "Macias Pino, Diego"]
[Black "Kluehs, Gustaf"]
[Result "1-0"]
[ECO "B24"]
[WhiteElo "2150"]
[BlackElo "1811"]
[Annotator "NA"]
[PlyCount "87"]
[EventDate "2019.08.02"]
[EventType "swiss"]
[EventCountry "SVK"]
[SourceTitle "playchess.com"]
[Source "ChessBase"]
[SourceQuality "1"]
[TimeControl "40/5400+30:1800+30"]

1. e4 c5 2. Nc3 Nc6 3. Bb5 e5 4. Bxc6 dxc6 5. d3 Bd6 6. Nge2 Ne7 7. f4 exf4 8. Bxf4 O-O 9. O-O Ng6 10. Bxd6 Qxd6 11. Ng3 Ne5 12. Nce2 Qh6 13. h3 Re8 14. Nf5 Bxf5 15. Rxf5 Qd6 16. Qe1 Re6 17. Qf2 b6 18. Rf1 f6 19. b3 Nf7 20. Qh4 Re5 21. Ng3 Qd4+ 22. Kh1 Nd6 23. R5f2 Rg5 24. Nh5 Qe5 25. Nf4 Nb5 26. g4 Qe7 27. Nh5 Nd4 28. Rxf6 Rxh5 29. Rf8+ Rxf8 30. Qxe7 Rxf1+ 31. Kg2 Rxh3 32. Kxf1 Rf3+ 33. Kg2 Rf7 34. Qd8+ Rf8 35. Qd7 Nxc2 36. e5 Ne3+ 37. Kg1 h6 38. Qe6+ Kh8 39. g5 Nc2 40. gxh6 gxh6 41. Qxh6+ Kg8 42. e6 Nd4 43. e7 Nf3+ 44. Kh1 1-0

[Event "EYCC Open-U12 2019"]
[Site "Bratislava"]
[Date "2019.08.06"]
[Round "5.22"]
[White "Magold, Filip"]
[Black "Kanov, Nikola"]
[Result "0-1"]
[ECO "C70"]
[WhiteElo "1865"]
[BlackElo "1908"]
[Annotator "NA"]
[PlyCount "90"]
[EventDate "2019.08.02"]
[EventType "swiss"]
[EventCountry "SVK"]
[SourceTitle "playchess.com"]
[Source "ChessBase"]
[SourceQuality "1"]
[TimeControl "40/5400+30:1800+30"]

1. e4 e5 2. Nf3 Nc6 3. Bb5 a6 4. Ba4 Nge7 5. Nc3 g6 6. d4 Bg7 7. d5 Nd4 8. Nxd4 exd4 9. Ne2 b5 10. Bb3 c5 11. dxc6 dxc6 12. Bg5 f6 13. Bh4 c5 14. c4 b4 15. O-O O-O 16. Nc1 g5 17. Bg3 f5 18. exf5 Bxf5 19. Nd3 Qb6 20. Re1 Ng6 21. Qd2 h6 22. Nxc5 Qxc5 23. Bd6 Qc6 24. Bxf8 Rxf8 25. f3 Nh4 26. Qxb4 Bh3 27. Qe7 Bxg2 28. Qe6+ Qxe6 29. Rxe6 d3 30. Rd6 Rf4 31. Rd8+ Kh7 32. h3 Bxf3 33. Rxd3 Bd4+ 34. Kh2 Be2 35. Rxd4 Rxd4 36. Rc1 Bf3 37. Rc2 Bd1 38. Rc3 Rd2+ 39. Kg1 Bf3 40. Kf1 Bc6 41. Re3 Nf5 42. Re5 Nd4 43. Re3 Rxb2 44. c5 Bb5+ 45. Ke1 Nc2+ 0-1

[Event "EYCC Open-U12 2019"]
[Site "Bratislava"]
[Date "2019.08.06"]
[Round "5.23"]
[White "Ristic, Luka"]
[Black "Hagner, Bennet"]
[Result "1-0"]
[ECO "C48"]
[WhiteElo "2113"]
[BlackElo "1831"]
[Annotator "NA"]
[PlyCount "103"]
[EventDate "2019.08.02"]
[EventType "swiss"]
[EventCountry "SVK"]
[SourceTitle "playchess.com"]
[Source "ChessBase"]
[SourceQuality "1"]
[TimeControl "40/5400+30:1800+30"]

1. e4 e5 2. Nf3 Nc6 3. Nc3 Nf6 4. Bb5 Nd4 5. Bc4 Bc5 6. d3 d6 7. Nxd4 Bxd4 8. Ne2 Bb6 9. O-O h6 10. Kh1 Ng4 11. f3 Nxh2 12. g3 Nxf1 13. Qxf1 Qf6 14. a4 a5 15. Bd2 Be6 16. g4 Bxc4 17. dxc4 Qe6 18. Ng3 g6 19. c3 O-O-O 20. b4 h5 21. gxh5 Rxh5+ 22. Nxh5 Rh8 23. c5 Rxh5+ 24. Kg1 dxc5 25. bxa5 Bxa5 26. Qb5 Bb6 27. a5 Ba7 28. Be3 c6 29. Qf1 Qb3 30. a6 b5 31. Qf2 Qe6 32. Qg2 Kc7 33. Rd1 Qe7 34. Qd2 f5 35. Qa2 c4 36. Bxa7 Qg5+ 37. Qg2 Qf4 38. Qf2 Qg5+ 39. Kf1 Rh1+ 40. Ke2 Rxd1 41. Kxd1 fxe4 42. Qb6+ Kd6 43. Bb8+ Kd5 44. fxe4+ Kxe4 45. Qxc6+ Ke3 46. Ba7+ Kf4 47. Qd5 Qg4+ 48. Kc1 g5 49. Bd4 e4 50. Qf7+ Kg3 51. Qf2+ Kh3 52. Qf1+ 1-0

[Event "EYCC Open-U12 2019"]
[Site "Bratislava"]
[Date "2019.08.06"]
[Round "5.25"]
[White "Guia, Artur Solovyov Eloy"]
[Black "Palczert, Matyas"]
[Result "0-1"]
[ECO "A05"]
[WhiteElo "1790"]
[BlackElo "2065"]
[Annotator "NA"]
[PlyCount "74"]
[EventDate "2019.08.02"]
[EventType "swiss"]
[EventCountry "SVK"]
[SourceTitle "playchess.com"]
[Source "ChessBase"]
[SourceQuality "1"]
[TimeControl "40/5400+30:1800+30"]

1. Nf3 Nf6 2. b3 e6 3. Bb2 d5 4. e3 Be7 5. c4 O-O 6. Nc3 b6 7. Be2 Bb7 8. O-O Nbd7 9. Rc1 c5 10. cxd5 Nxd5 11. d4 N7f6 12. Nxd5 Nxd5 13. dxc5 Bxc5 14. Nd4 Qg5 15. Bf3 Ba6 16. Re1 Bb4 17. Bxd5 Qxd5 18. Bc3 Bxc3 19. Rxc3 Qa5 20. Qa1 Bb7 21. Nf3 Bxf3 22. gxf3 Rad8 23. Qb2 Qh5 24. Qe2 f5 25. f4 Qh4 26. Rd1 h6 27. Rxd8 Qxd8 28. Qc2 Kh7 29. Qe2 Qd5 30. h4 e5 31. Rc4 b5 32. Rb4 Rc8 33. f3 Rc1+ 34. Kf2 Qc6 35. Qxb5 Rc2+ 36. Ke1 Qc3+ 37. Kf1 Qa1# 0-1

[Event "EYCC Open-U12 2019"]
[Site "Bratislava"]
[Date "2019.08.06"]
[Round "5.26"]
[White "Bialiauski, Artsiom"]
[Black "Tran, David"]
[Result "1/2-1/2"]
[ECO "E61"]
[WhiteElo "1784"]
[BlackElo "2112"]
[Annotator "NA"]
[PlyCount "106"]
[EventDate "2019.08.02"]
[EventType "swiss"]
[EventCountry "SVK"]
[SourceTitle "playchess.com"]
[Source "ChessBase"]
[SourceQuality "1"]
[TimeControl "40/5400+30:1800+30"]

1. d4 Nf6 2. c4 g6 3. Nc3 Bg7 4. Bg5 O-O 5. e3 d6 6. Be2 c5 7. d5 Qb6 8. Rb1 Bf5 9. Bd3 Bxd3 10. Qxd3 Nbd7 11. Nf3 h6 12. Bh4 Ng4 13. O-O f5 14. Bg3 g5 15. h3 Nge5 16. Nxe5 dxe5 17. f4 gxf4 18. exf4 e4 19. Qe2 Bd4+ 20. Bf2 e5 21. dxe6 Qxe6 22. Nd5 Qf7 23. Rfd1 Qg7 24. Qd2 Bxf2+ 25. Qxf2 Rac8 26. Rd2 Rf7 27. Rbd1 Nf8 28. Nc3 Re7 29. Nd5 Rf7 30. Nc3 Rc6 31. Kh2 Ne6 32. Rd5 Qg6 33. Ne2 Rg7 34. g3 Ra6 35. a3 Rb6 36. R1d2 Rb3 37. Re5 Rd3 38. Rxd3 exd3 39. Nc3 d2 40. Re2 h5 41. h4 Nd4 42. Rxd2 Qg4 43. Rd3 Re7 44. Nd5 Re6 45. Re3 Rd6 46. Re8+ Kf7 47. Qe3 Nf3+ 48. Kg2 Nxh4+ 49. Kf2 Ng6 50. Re7+ Kf8 51. Rxb7 h4 52. gxh4 Qxh4+ 53. Qg3 Qh5 1/2-1/2

[Event "EYCC Open-U12 2019"]
[Site "Bratislava"]
[Date "2019.08.06"]
[Round "5.27"]
[White "Tunsjo, Axel"]
[Black "Aleksanyan, Davit"]
[Result "1-0"]
[ECO "B03"]
[WhiteElo "2039"]
[BlackElo "1797"]
[Annotator "NA"]
[PlyCount "49"]
[EventDate "2019.08.02"]
[EventType "swiss"]
[EventCountry "SVK"]
[SourceTitle "playchess.com"]
[Source "ChessBase"]
[SourceQuality "1"]
[TimeControl "40/5400+30:1800+30"]

1. e4 Nf6 2. e5 Nd5 3. d4 d6 4. c4 Nb6 5. exd6 cxd6 6. Nc3 g6 7. Bd3 Bg7 8. Nge2 Nc6 9. Be3 O-O 10. a3 e5 11. d5 Nd4 12. Bxd4 exd4 13. Nb5 Bg4 14. f3 Bxf3 15. gxf3 a6 16. Nxd6 Qxd6 17. O-O Rfe8 18. Rc1 Nd7 19. Ng3 Re3 20. Rc2 Qf4 21. Rg2 Ne5 22. Be4 Nxc4 23. Nh5 gxh5 24. Qxd4 Ne5 25. Bxh7+ 1-0

[Event "EYCC Open-U12 2019"]
[Site "Bratislava"]
[Date "2019.08.06"]
[Round "5.28"]
[White "Krawczyk, Flawian"]
[Black "Soderstrom, Adrian"]
[Result "1/2-1/2"]
[ECO "B31"]
[WhiteElo "1848"]
[BlackElo "1970"]
[Annotator "NA"]
[PlyCount "79"]
[EventDate "2019.08.02"]
[EventType "swiss"]
[EventCountry "SVK"]
[SourceTitle "playchess.com"]
[Source "ChessBase"]
[SourceQuality "1"]
[TimeControl "40/5400+30:1800+30"]

1. e4 c5 2. Nf3 Nc6 3. Bb5 g6 4. Bxc6 dxc6 5. O-O Bg7 6. d3 e5 7. Be3 b6 8. Nbd2 Qc7 9. h3 Ne7 10. Nc4 Be6 11. Ng5 Bxc4 12. dxc4 h6 13. Nf3 f5 14. exf5 gxf5 15. Nh4 O-O 16. f4 e4 17. c3 Rad8 18. Qe2 Qc8 19. Rad1 Qe6 20. Rxd8 Rxd8 21. Rd1 Rxd1+ 22. Qxd1 Bf6 23. Qh5 Bxh4 24. Qxh4 Kf7 25. Qh5+ Qg6 26. Qxg6+ Kxg6 27. b4 cxb4 28. cxb4 Nc8 29. a4 a6 30. b5 axb5 31. cxb5 cxb5 32. axb5 Nd6 33. Bxb6 Nxb5 34. Bc5 Nc3 35. Kf2 Nd5 36. Bd6 Nb6 37. g4 Nd5 38. Kg3 Nf6 39. Be7 Nd5 40. Bd6 1/2-1/2

[Event "EYCC Open-U12 2019"]
[Site "Bratislava"]
[Date "2019.08.06"]
[Round "5.29"]
[White "Shatil, Shir"]
[Black "Cohen, Elad"]
[Result "1/2-1/2"]
[ECO "E54"]
[WhiteElo "1653"]
[BlackElo "2002"]
[Annotator "NA"]
[PlyCount "76"]
[EventDate "2019.08.02"]
[EventType "swiss"]
[EventCountry "SVK"]
[SourceTitle "playchess.com"]
[Source "ChessBase"]
[SourceQuality "1"]
[TimeControl "40/5400+30:1800+30"]

1. d4 Nf6 2. c4 e6 3. Nc3 Bb4 4. e3 O-O 5. Bd3 d5 6. Nf3 dxc4 7. Bxc4 c5 8. O-O cxd4 9. exd4 b6 10. Bg5 Bb7 11. Qe2 Nbd7 12. Ne5 Qc7 13. Nb5 Qd8 14. Bxf6 Nxf6 15. a3 Be7 16. Rad1 Bd5 17. Bxd5 Nxd5 18. Nc6 Qd7 19. Nxe7+ Qxe7 20. Qe5 a6 21. Nd6 Rfd8 22. Ne4 Rac8 23. Rc1 h6 24. Rfd1 Qd7 25. Qg3 Qa4 26. Qd3 Rxc1 27. Rxc1 Nf4 28. Qf1 Qxd4 29. Nc3 b5 30. Rd1 Qb6 31. Rxd8+ Qxd8 32. Qd1 Qg5 33. g3 Nd5 34. Ne2 Qg4 35. Qc2 b4 36. Qc8+ Kh7 37. Qxa6 Qe4 38. Nc1 g6 1/2-1/2

[Event "EYCC Open-U12 2019"]
[Site "Bratislava"]
[Date "2019.08.06"]
[Round "5.30"]
[White "Costa, Leonardo"]
[Black "Kisic, Dusan"]
[Result "1-0"]
[ECO "B12"]
[WhiteElo "2002"]
[BlackElo "1642"]
[Annotator "NA"]
[PlyCount "103"]
[EventDate "2019.08.02"]
[EventType "swiss"]
[EventCountry "SVK"]
[SourceTitle "playchess.com"]
[Source "ChessBase"]
[SourceQuality "1"]
[TimeControl "40/5400+30:1800+30"]

1. e4 c6 2. d4 d5 3. e5 Bf5 4. h4 h6 5. g4 Bd7 6. h5 e6 7. f4 c5 8. c3 Nc6 9. Nf3 Qb6 10. Be2 cxd4 11. cxd4 Bb4+ 12. Kf1 O-O-O 13. a3 Be7 14. Nc3 a6 15. Na4 Qa7 16. Be3 Rf8 17. b4 f6 18. Kf2 fxe5 19. fxe5 Bg5 20. Nc5 Bxe3+ 21. Kxe3 Qb6 22. Qd3 Nge7 23. Rab1 Na7 24. Rhc1 Kd8 25. a4 Nac8 26. a5 Qc6 27. Qd2 b5 28. axb6 Qxb6 29. Bxa6 Rf7 30. Be2 Rhf8 31. Ne1 Nc6 32. Ned3 N8a7 33. Rf1 Nb5 34. Rxf7 Rxf7 35. Nf4 Nbxd4 36. Nfd3 Nb5 37. Qb2 d4+ 38. Kd2 Nc3 39. Ra1 Nxe2 40. Kxe2 Qb5 41. Rf1 Rxf1 42. Kxf1 Qc4 43. Kg1 Qd5 44. Qf2 Kc7 45. Qf8 Nxe5 46. Na6+ Kc6 47. Qa8+ Kd6 48. Qb8+ Ke7 49. Nxe5 d3 50. Ng6+ Kf6 51. Qf8+ Kg5 52. Qf4# 1-0

[Event "EYCC Open-U12 2019"]
[Site "Bratislava"]
[Date "2019.08.06"]
[Round "5.31"]
[White "Eliseev, Sergey"]
[Black "Dovbnia, Nikita"]
[Result "1/2-1/2"]
[ECO "C42"]
[WhiteElo "2053"]
[BlackElo "1777"]
[Annotator "NA"]
[PlyCount "93"]
[EventDate "2019.08.02"]
[EventType "swiss"]
[EventCountry "SVK"]
[SourceTitle "playchess.com"]
[Source "ChessBase"]
[SourceQuality "1"]
[TimeControl "40/5400+30:1800+30"]

1. e4 e5 2. Nf3 Nf6 3. Nxe5 d6 4. Nf3 Nxe4 5. Nc3 Nxc3 6. dxc3 Be7 7. Be3 O-O 8. Qd2 Nd7 9. O-O-O c6 10. Bg5 f6 11. Bf4 Ne5 12. c4 Be6 13. Nd4 Bf7 14. Nf5 d5 15. cxd5 Bxd5 16. Qe3 Qc7 17. c4 Be6 18. Nxe7+ Qxe7 19. f3 Rfe8 20. Bxe5 Bf7 21. Re1 Qxe5 22. Qxe5 fxe5 23. Bd3 Rad8 24. Kc2 Rd4 25. b3 Red8 26. Re3 g5 27. Rd1 Bg6 28. Rd2 Kg7 29. Kc3 c5 30. g3 Kf6 31. g4 b6 32. h3 a6 33. a4 R8d6 34. Rd1 Rd7 35. Rd2 Rd8 36. Rd1 R4d6 37. Rd2 Rd4 38. Rd1 R4d7 39. Rd2 Rd6 40. Rd1 R8d7 41. Rd2 Rd4 42. Rd1 R7d6 43. Rd2 Ke6 44. Kc2 Kf6 45. Kc3 Kg7 46. Kc2 Kf6 47. Kc3 1/2-1/2

[Event "EYCC Open-U12 2019"]
[Site "Bratislava"]
[Date "2019.08.06"]
[Round "5.32"]
[White "Janous, Marek"]
[Black "Mekhane, Adam"]
[Result "1-0"]
[ECO "B62"]
[WhiteElo "1717"]
[BlackElo "2040"]
[Annotator "NA"]
[PlyCount "63"]
[EventDate "2019.08.02"]
[EventType "swiss"]
[EventCountry "SVK"]
[SourceTitle "playchess.com"]
[Source "ChessBase"]
[SourceQuality "1"]
[TimeControl "40/5400+30:1800+30"]

1. e4 c5 2. Nf3 Nc6 3. d4 cxd4 4. Nxd4 Nf6 5. Nc3 d6 6. Bg5 e6 7. f4 Be7 8. Nxc6 bxc6 9. Qf3 Bd7 10. O-O-O Qb6 11. e5 dxe5 12. fxe5 Qa5 13. Bxf6 gxf6 14. exf6 Qg5+ 15. Kb1 Qxf6 16. Qxf6 Bxf6 17. Ne4 Be7 18. Bc4 O-O-O 19. Rhf1 f5 20. Ng3 h5 21. Rde1 Rh6 22. Nxf5 exf5 23. Rxe7 h4 24. Bd3 h3 25. g3 Rf8 26. b3 Rhf6 27. Rf4 Rh6 28. Rd4 Rd8 29. Rexd7 Rxd7 30. Bxf5 Rhh7 31. Rxd7 Rxd7 32. Bxh3 1-0

[Event "EYCC Open-U12 2019"]
[Site "Bratislava"]
[Date "2019.08.06"]
[Round "5.33"]
[White "Gschiel, Alexander"]
[Black "Kvaloy, Aksel Bu"]
[Result "0-1"]
[ECO "E10"]
[WhiteElo "1768"]
[BlackElo "2205"]
[Annotator "NA"]
[PlyCount "82"]
[EventDate "2019.08.02"]
[EventType "swiss"]
[EventCountry "SVK"]
[SourceTitle "playchess.com"]
[Source "ChessBase"]
[SourceQuality "1"]
[TimeControl "40/5400+30:1800+30"]

1. d4 Nf6 2. c4 e6 3. Nf3 d5 4. g3 Bb4+ 5. Bd2 Bd6 6. Bg2 O-O 7. Nc3 dxc4 8. e4 Bb4 9. Qe2 b6 10. e5 Bxc3 11. bxc3 Nd5 12. Ng5 h6 13. Ne4 c5 14. Nd6 cxd4 15. Qg4 f5 16. Qg6 Ne7 17. Qh5 Nbc6 18. cxd4 Nxd4 19. Bxh6 Nec6 20. O-O-O Ba6 21. Be3 Nxe5 22. Rxd4 Nd3+ 23. Kb1 Qd7 24. Nxc4 Qb5+ 25. Ka1 Rad8 26. Rb1 Qa4 27. Nb2 Qc2 28. Nxd3 Rxd4 29. Bxd4 Bxd3 30. Re1 Bc4 31. Bb2 Qa4 32. a3 Qb3 33. Kb1 Bd3+ 34. Ka1 Bc4 35. Kb1 Qa2+ 36. Kc1 Bd3 37. Qf3 Rc8+ 38. Kd2 Qxb2+ 39. Ke3 Qe5+ 40. Kd2 Qc3+ 41. Ke3 Be4+ {[%emt 0:00:37] Kxe4} 0-1